 Dungeon Crawl Stone Soup version 0.18.1-5-g4a78601 (webtiles) character file.

39045 Chiseanne the Peltast (level 14, -3/114 HPs)
             Began as a Formicid Fighter on May 10, 2016.
             Was an Initiate of Gozag.
             Slain by a white ugly thing (13 damage)
             ... on level 15 of the Dungeon.
             The game lasted 00:51:20 (14502 turns).

Chiseanne the Peltast (Formicid Fighter)           Turns: 14502, Time: 00:51:21

Health: -3/114     AC: 16    Str: 22    XL:     14   Next: 37%
Magic:  14/14      EV:  7    Int:  8    God:    Gozag
Gold:   278        SH: 26    Dex: 29    Spells: 0 memorised, 13 levels left

rFire  . . .     SeeInvis +     a - +6 battleaxe (venom)
rCold  + . .     Gourm    .     P - +5 chain mail of Ru's Supremacy {Dex+6}
rNeg   . . .     Faith    .     y - +0 large shield
rPois  +         Spirit   .     (helmet unavailable)
rElec  .         Dismiss  .     F - +0 cloak {rPois}
rCorr  .         Reflect  +     G - +0 pair of gloves {Dex+3}
SustAt .         Harm     .     (no boots)
MR     ++...                    v - +4 amulet of reflection
Stlth  ..........               U - ring of Yqeblyal {+Inv rPois MR+ Dex+6}
                                q - ring of protection from cold

@: gold aura, very slightly contaminated, very resistant to hostile
enchantments, extremely unstealthy
A: permanent stasis, dig shafts and tunnels, four strong arms, antennae 3
a: Dig, Shaft Self, Potion Petition, Call Merchant, Bribe Branch, Renounce
Religion, Evoke Invisibility


You were on level 15 of the Dungeon.
You worshipped Gozag.
Gozag was noncommittal.
You were not hungry.

You visited 3 branches of the dungeon, and saw 18 of its levels.
You also visited: Bailey.

You collected 5118 gold pieces.
You spent 2428 gold pieces at shops.
You paid 2412 gold pieces to Gozag.

Inventory:

Hand Weapons
 a - a +6 battleaxe of venom (weapon)
 s - a +0 scimitar of flaming
 L - a +0 blowgun
 Q - a +1 executioner's axe
Missiles
 h - 355 stones
 i - 198 bolts
 o - 124 sling bullets
 p - 21 tomahawks
 u - 36 poisoned needles
 C - a throwing net (quivered)
 D - 4 javelins
Armour
 y - a +0 large shield (worn)
 F - a +0 cloak of poison resistance (worn)
 G - a +0 pair of gloves of dexterity (worn)
 P - the +5 chain mail of Ru's Supremacy (worn) {Dex+6}
   (You bought it in a shop on level 1 of the Orcish Mines)

   It affects your dexterity (+6).
Jewellery
 j - an uncursed amulet of regeneration
 q - a ring of protection from cold (left hand)
 v - a +4 amulet of reflection (around neck)
 U - the ring of Yqeblyal (right hand) {+Inv rPois MR+ Dex+6}
   (You bought it in a shop on level 12 of the Dungeon)

   [ring of poison resistance]

   It affects your dexterity (+6).
   It protects you from poison.
   It affects your resistance to hostile enchantments.
   It lets you turn invisible.
Wands
 e - a wand of lightning (11/15)
 x - a wand of acid (3/15)
 E - a wand of paralysis (16/24)
 I - a wand of paralysis (6/24)
 J - a wand of iceblast (7/15)
 O - a wand of polymorph (11/24)
Scrolls
 b - 4 scrolls of amnesia
 d - 4 scrolls of remove curse
 l - a scroll of fear
 t - 4 scrolls of immolation
 B - 2 scrolls of magic mapping
 R - a scroll of fog
 S - 4 scrolls of identify
Potions
 g - 6 potions of flight
 r - 3 potions of curing
 H - a potion of cure mutation
 M - a potion of magic
 T - 2 potions of resistance
Books
 m - a book of Annihilations

   Spells                             Type                      Level
   a - Poison Arrow                   Conjuration/Poison           6
   b - Chain Lightning                Conjuration/Air              8
   c - Lehudib's Crystal Spear        Conjuration/Earth            8
   d - Glaciate                       Conjuration/Ice              9
   e - Fire Storm                     Conjuration/Fire             9
 z - a book of Flames

   Spells                             Type                      Level
   a - Flame Tongue                   Conjuration/Fire             1
   b - Throw Flame                    Conjuration/Fire             2
   c - Conjure Flame                  Conjuration/Fire             3
   d - Inner Flame                    Hexes/Fire                   3
   e - Sticky Flame                   Conjuration/Fire             4
   f - Fireball                       Conjuration/Fire             5
Miscellaneous
 k - a disc of storms
Comestibles
 c - 13 royal jellies
 f - 9 bread rations
 n - 21 fruits
 w - 7 meat rations


   Skills:
 - Level 11.8 Fighting
 * Level 15.6 Axes
 - Level 3.2 Armour
 * Level 16.3 Shields


You had 13 spell levels left.
You didn't know any spells.

Dungeon Overview and Level Annotations

Branches:
Dungeon (14/15)            Temple (1/1) D:6            Lair (0/8) D:9
    Orc (2/2) D:12         Vaults (0/5) D:14         Depths (0/5) D:15
    Elf: Orc:2

Altars:
Ashenzari
Cheibriados
Elyvilon
Gozag
Kikubaaqudgha
Makhleb
Nemelex Xobeh
Okawaru
Pakellas
Qazlal
Ru
Sif Muna
Trog
Vehumet
Yredelemnul
Zin
The Shining One

Shops:
D:6 *   D:9 [   D:12 =(   D:13 :*(   Orc:1 *

Portals:
Trove: D:11 (give +5 demon trident)


Innate Abilities, Weirdness & Mutations

You are under a permanent stasis effect.
You can dig through walls and to a lower floor.
Your four strong arms can wield two-handed weapons with a shield.
You have a pair of large antennae on your head (SInv).


Message History

Agnes hits you with a lajatang of protection!!
* * * LOW HITPOINT WARNING * * *
You retract your mandibles.
You slash Agnes!
You kill Agnes!
You flicker back into view.
You block the vampire mosquito's attack.
You slice the vampire mosquito!!
The vampire mosquito is almost destroyed.
You block the vampire mosquito's attack.
You barely miss the white ugly thing. You slash the white ugly thing!
The white ugly thing is poisoned.
The white ugly thing is lightly wounded.
You block the white ugly thing's attack.
You slice the white ugly thing!!
The white ugly thing is heavily wounded.
The white ugly thing tentacle-slaps you!
* * * LOW HITPOINT WARNING * * *
The white ugly thing freezes you! You resist.
You die...
Your body crumbles into a pile of gold.

##########{##.###.#..
.......#.#.##........
#..#..#.####....
##.###..#####...#
##{..............#
#{########.###...
##y## #[## ##u# ##.#
#@## ### ###


You could see a white ugly thing.

Vanquished Creatures
  Gastronok (Orc:1)
  Agnes (D:15)
  A vault guard (D:14)
  3 centaur warriors
  A vampire mage (D:15)
  Urug (D:12)
  2 skeletal warriors (D:15)
  A wizard (D:14)
  3 unseen horrors
  A hill giant (D:10)
  A wolf spider zombie (D:13)
  A deep elf archer (Bailey)
  Pikel (D:8)
  An orc knight (D:15)
  11 deep elf magi
  3 cyclopes
  A mana viper (shapeshifter) (D:15)
  An ugly thing (D:14)
  2 manticores
  2 centaur zombies
  2 gargoyles
  The ghost of dorian the Pure, a novice DsAK of Lugonu (D:5)
  2 spriggan zombies (D:15)
  An efreet (D:13)
  A komodo dragon (D:13)
  A queen bee (D:13)
  5 two-headed ogres
  4 trolls
  Sigmund (D:2)
  2 shadows
  A wyvern (D:13)
  A wraith (D:12)
  12 yaks
  5 hippogriffs
  4 vampire mosquitoes (D:12)
  A warg (Orc:2)
  A mottled dragon (D:14)
  2 hell hounds (D:9)
  3 ice beasts
  A slave (D:8)
  13 ogres
  17 orc warriors
  2 sky beasts
  A phantom (D:12)
  2 black bears
  A necrophage (D:11)
  A wasp (D:11)
  9 centaurs
  6 giant frogs
  3 big kobolds
  A wyvern zombie (D:14)
  A water moccasin zombie (D:10)
  4 scorpions
  31 killer bees
  4 wights (D:12)
  3 vampire bats (D:5)
  5 howler monkeys
  A wasp zombie (D:7)
  7 crimson imps
  3 hounds
  2 jellies (D:13)
  3 centaur skeletons
  5 giant frog skeletons
  11 orc priests
  18 orc wizards
  An iguana (D:10)
  Jessica (D:2)
  Terence (D:2)
  10 worker ants
  A killer bee zombie (D:11)
  A hound skeleton (D:11)
  A howler monkey skeleton (D:8)
  13 gnolls
  8 adders
  4 shadow imps
  An ooze (D:5)
  An adder zombie (D:9)
  6 worms
  3 adder skeletons
  2 dart slugs (D:2)
  77 orcs
  16 bats
  3 giant cockroaches
  9 goblins
  9 hobgoblins
  19 jackals
  9 kobolds
  4 quokkas
  2 giant gecko skeletons
  4 giant newts
  A jackal skeleton (D:4)
  A quokka zombie (D:8)
  3 rats
455 creatures vanquished.

Vanquished Creatures (others)
  Nessos (D:14)
  A centaur warrior (D:15)
  A titan skeleton (D:15)
  3 centaurs (D:13)
  An orc wizard (D:8)
  10 withered plants (D:15)
17 creatures vanquished.

Grand Total: 472 creatures vanquished

Notes
Turn   | Place    | Note
--------------------------------------------------------------
     0 | D:1      | Chiseanne the Formicid Fighter began the quest for the Orb.
     0 | D:1      | Reached XP level 1. HP: 18/18 MP: 1/1
    55 | D:1      | Reached XP level 2. HP: 20/25 MP: 2/2
   246 | D:1      | Reached XP level 3. HP: 30/31 MP: 3/3
   721 | D:2      | Noticed Sigmund
   725 | D:2      | Killed Sigmund
   725 | D:2      | Reached XP level 4. HP: 26/41 MP: 4/4
   725 | D:2      | Reached XP level 5. HP: 30/47 MP: 5/5
   725 | D:2      | Reached XP level 6. HP: 34/53 MP: 6/6
   767 | D:2      | Noticed Terence
   777 | D:2      | Killed Terence
  1299 | D:2      | Noticed Jessica
  1302 | D:2      | Killed Jessica
  1705 | D:3      | Found a shattered altar of Ashenzari.
  1705 | D:3      | Found a stormy altar of Qazlal.
  2139 | D:4      | Noticed an ogre
  2146 | D:4      | Killed an ogre
  2146 | D:4      | Reached XP level 7. HP: 38/61 MP: 7/7
  2818 | D:5      | Entered Level 5 of the Dungeon
  2936 | D:5      | Noticed dorian's ghost (novice DsAK)
  3058 | D:5      | Killed dorian's ghost
  3058 | D:5      | Reached skill level 5 in Axes
  3058 | D:5      | Reached XP level 8. HP: 54/71 MP: 8/8
  3639 | D:5      | Reached XP level 9. HP: 78/78 MP: 9/9
  3888 | D:6      | Found Ymosoic's Assorted Antiques.
  3903 | D:6      | Bought a scroll labeled IWNOKL GIBBA for 33 gold pieces
  3917 | D:6      | Reached skill level 10 in Fighting
  3959 | D:6      | Found a staircase to the Ecumenical Temple.
  3976 | Temple   | Entered the Ecumenical Temple
  3996 | Temple   | Became a worshipper of Gozag Ym Sagoz the Greedy
  4120 | D:6      | Found a sacrificial altar of Ru.
  5273 | D:8      | Found an oddly glowing altar of Pakellas.
  5344 | D:8      | You fall through a shaft for 2 floors!
  5344 | D:10     | Entered Level 10 of the Dungeon
  5413 | D:10     | Noticed a troll
  5425 | D:10     | Killed a troll
  5425 | D:10     | Reached XP level 10. HP: 76/88 MP: 10/10
  5687 | D:9      | Reached skill level 4 in Shields
  5825 | D:9      | Bought a +0 cloak of poison resistance for 119 gold pieces
  5825 | D:9      | Bought a +0 pair of gloves of dexterity for 161 gold pieces
  5911 | D:8      | Reached skill level 5 in Shields
  5959 | D:8      | Noticed Pikel
  5995 | D:8      | Killed Pikel
  6066 | D:8      | Reached skill level 6 in Shields
  6599 | D:6      | Bought a shiny gold wand for 132 gold pieces
  6599 | D:6      | Bought a scroll of identify for 66 gold pieces
  6599 | D:6      | Bought a scroll of identify for 66 gold pieces
  6699 | D:9      | Found a staircase to the Lair.
  6858 | D:9      | Reached skill level 10 in Axes
  6976 | D:9      | Reached skill level 7 in Shields
  7289 | D:10     | Noticed a hill giant
  7300 | D:10     | Killed a hill giant
  7300 | D:10     | Reached XP level 11. HP: 29/95 MP: 11/11
  7531 | D:10     | Reached skill level 8 in Shields
  7553 | D:10     | Noticed a cyclops
  7579 | D:10     | Killed a cyclops
  8085 | D:11     | Reached skill level 9 in Shields
  8571 | D:11     | Found a portal to a secret trove of treasure.
  9069 | D:12     | Found a flagged portal.
  9098 | Bailey   | Entered a bailey
  9116 | Bailey   | Noticed a deep elf mage
  9127 | Bailey   | Killed a deep elf mage
  9127 | Bailey   | Reached skill level 10 in Shields
  9203 | Bailey   | Noticed a deep elf mage
  9206 | Bailey   | Noticed a deep elf mage
  9206 | Bailey   | Noticed a deep elf mage
  9206 | Bailey   | Noticed a deep elf mage
  9206 | Bailey   | Noticed a deep elf mage
  9206 | Bailey   | Noticed a deep elf mage
  9215 | Bailey   | Killed a deep elf mage
  9215 | Bailey   | Killed a deep elf mage
  9222 | Bailey   | Killed a deep elf mage
  9227 | Bailey   | Killed a deep elf mage
  9240 | Bailey   | Killed a deep elf mage
  9240 | Bailey   | Reached XP level 12. HP: 33/102 MP: 12/12
  9244 | Bailey   | Reached skill level 11 in Shields
 10007 | D:12     | Found a staircase to the Orcish Mines.
 10078 | Orc:1    | Entered Level 1 of the Orcish Mines
 10179 | D:12     | Reached skill level 12 in Shields
 10228 | D:12     | Bought a cursed -3 ring of slaying for 22 gold pieces
 10402 | Orc:1    | Noticed Gastronok
 10421 | Orc:1    | Killed Gastronok
 10546 | Orc:1    | Found Hotenefi's Assorted Antiques.
 10557 | Orc:1    | Bought a scroll labeled KUYHEE SOMP for 21 gold pieces
 10557 | Orc:1    | Bought a scroll labeled KIDUYN ZEAC for 21 gold pieces
 10557 | Orc:1    | Bought a ring of slaying for 42 gold pieces
 10557 | Orc:1    | Bought a gold wand for 84 gold pieces
 10557 | Orc:1    | Bought a polished chain mail for 199 gold pieces
 10557 | Orc:1    | Bought an executioner's axe for 210 gold pieces
 10664 | Orc:2    | Entered Level 2 of the Orcish Mines
 10746 | Orc:2    | Noticed an orc warlord
 11102 | Orc:2    | Reached skill level 13 in Shields
 11355 | D:12     | Reached XP level 13. HP: 100/107 MP: 13/13
 11857 | D:12     | Bought an ancient battleaxe for 414 gold pieces
 11950 | D:12     | Identified the +4 battleaxe of Turmoil {vamp, +Blink Stlth+} (You bought it in a shop on level 12 of the Dungeon)
 11952 | D:12     | Identified the +5 chain mail of Ru's Supremacy {Dex+6} (You bought it in a shop on level 1 of the Orcish Mines)
 12030 | D:12     | Noticed Urug
 12049 | D:12     | Killed Urug
 12271 | D:13     | Found Ruihas Koru's Book Shoppe.
 12486 | D:13     | Reached skill level 14 in Shields
 12829 | D:13     | Found Xuarum's Antique Weapon Shop.
 13063 | D:13     | Noticed a centaur warrior
 13065 | D:13     | Noticed a centaur warrior
 13073 | D:13     | Killed a centaur warrior
 13076 | D:13     | Killed a centaur warrior
 13314 | D:13     | Found Etuezoh's General Store.
 13320 | D:13     | Bought 2 scrolls of identify for 44 gold pieces
 13320 | D:13     | Bought 2 potions of resistance for 220 gold pieces
 13437 | D:12     | Bought the ring of Yqeblyal {+Inv rPois MR+ Dex+6} for 574 gold pieces
 13548 | D:14     | Reached skill level 15 in Shields
 13722 | D:14     | Noticed a vault guard
 13736 | D:14     | Killed a vault guard
 13736 | D:14     | Reached skill level 15 in Axes
 13758 | D:14     | Found a gate to the Vaults.
 13832 | D:14     | Reached XP level 14. HP: 113/114 MP: 14/14
 13934 | D:14     | Noticed Nessos
 13938 | D:14     | Killed Nessos
 13978 | D:14     | You fall through a shaft!
 13978 | D:15     | Entered Level 15 of the Dungeon
 13978 | D:15     | Found a staircase to the Depths.
 14051 | D:15     | Reached skill level 16 in Shields
 14464 | D:15     | Noticed Agnes
 14498 | D:15     | Killed Agnes
 14502 | D:15     | Slain by a white ugly thing

Skill      XL: |  1  2  3  4  5  6  7  8  9 10 11 12 13 14 |
---------------+-------------------------------------------+-----
Fighting       | 4 6 7 9 11 | 11.8
Axes           | 3 5 6 8 10 12 13 15 | 15.6
Shields        | 7 10 13 15 16 | 16.3
Armour         | |  3.2

Action                   |  1- 3 |  4- 6 |  7- 9 | 10-12 | 13-15 || total
-------------------------+-------+-------+-------+-------+-------++-------
Melee: War axe           |   100 |    98 |   362 |   669 |    71 ||  1300
       Battleaxe         |       |       |       |       |   264 ||   264
 Fire: Blowgun           |       |       |       |     2 |       ||     2
Throw: Throwing net      |       |       |       |     1 |       ||     1
Invok: Call Merchant     |       |       |       |     3 |       ||     3
       Potion Petition   |       |       |       |     1 |       ||     1
 Abil: Dig               |     6 |     8 |    29 |    17 |    15 ||    75
       Evoke Invisibilit |       |       |       |       |     1 ||     1
Evoke: Wand              |       |       |     2 |     2 |       ||     4
  Use: Scroll            |     3 |    10 |     9 |     9 |     5 ||    36
       Potion            |     1 |       |     4 |    12 |     3 ||    20
 Stab: Distracted        |       |       |     4 |     6 |     3 ||    13
       Invisible         |       |       |       |     6 |       ||     6
  Eat: Chunk             |       |     4 |     8 |       |       ||    12
       Fruit             |       |       |     6 |       |    11 ||    17
       Beef jerky        |       |       |     2 |     1 |       ||     3
       Bread ration      |       |       |     1 |     4 |     1 ||     6
       Pizza             |       |       |       |     1 |       ||     1
Armor: Scale mail        |    71 |     1 |       |       |       ||    72
       Chain mail        |       |    32 |   161 |   166 |    61 ||   420
Dodge: Dodged            |    39 |    15 |    73 |    99 |    33 ||   259
Block: Shield            |    79 |    42 |   214 |   375 |   103 ||   813
       Reflection        |       |       |       |     5 |    47 ||    52
       Large shield      |       |       |       |       |   271 ||   271
